Map: Lightshade LE

Players

LiquidMaNa (MaNa)

  • Race: Protoss Protoss
  • League: Grandmaster

TLHarstem (Harstem) - Winner!

  • Race: Protoss Protoss
  • League: Master

Event: DreamHack SC2 Masters 2021 Summer

VOD

Have the link to the VOD?

Description

Time

  • Played on: May 20, 2021, 12:09 p.m.
  • Length: 12:09

All games in this series

Show
View Real Time Build Order
Export as new Build Order

LiquidMaNa Protoss 

Build Orders:  

Get SALT Encoding   

  12  0:00  Probe  
  13  0:12  Probe  
  14  0:16  Pylon  
  14  0:24  Probe  
  15  0:35  Gateway  
  15  0:36  Probe (Chrono Boost)  
  16  0:46  Probe (Chrono Boost)  
  16  0:47  Assimilator  
  17  0:51  Probe (Chrono Boost)  
  18  1:03  Probe  
  19  1:04  Assimilator  
  19  1:15  Probe  
  19  1:17  Gateway  
  20  1:22  Cybernetics Core  
  20  1:27  Probe  
  20  1:31  Zealot  
  23  1:42  Pylon  
  23  2:01  Pylon, Warp Gate  
  23  2:12  Pylon  
  23  2:17  Stalker x2 (Chrono Boost)  
  23  2:19  Probe  
  28  2:31  Probe  
  28  2:34  Gateway  
  28  2:39  Stalker  
  28  2:43  Stalker  
  32  2:47  Probe  
  33  3:12  Probe  
  34  3:18  Nexus  
  34  3:24  Probe  
  35  3:28  Shield Battery  
  35  3:36  Probe  
  35  3:37  Pylon  
  36  3:48  Probe  
  36  3:51  Sentry  
  39  3:56  Twilight Council  
  39  4:00  Probe  
  40  4:11  Stalker x2  
  40  4:15  Probe  
  45  4:22  Stalker  
  47  4:29  Phoenix  
  47  4:30  Pylon  
  47  4:41  Dark Shrine  
  47  4:44  Probe  
  47  4:45  Probe  
  49  4:53  Stalker  
  49  4:56  Stalker  
  53  5:01  Probe  
  53  5:02  Probe  
  55  5:11  Stalker  
  58  5:14  Probe  
  58  5:17  Stalker  
  58  5:20  Stalker  
  58  5:21  Probe  
  61  5:26  Probe  
  61  5:31  Assimilator  
  61  5:33  Probe  
  62  5:36  Blink (Chrono Boost)  
  62  5:38  Probe  
  62  5:41  Stalker  
  65  5:45  Probe  
  65  5:48  Shield Battery  
  66  5:50  Probe  
  66  5:54  Dark Templar  
  69  5:58  Pylon  
  66  6:06  Probe x2  
  66  6:18  Probe x2, Stalker  
  68  6:25  Stalker  
  72  6:30  Probe  
  72  6:31  Robotics Facility  
  73  6:33  Probe  
  74  6:40  Stalker  
  74  6:42  Probe  
  74  6:45  Probe  
  78  6:53  Pylon  
  78  7:02  Gateway x2  
  78  7:07  Pylon x2  
  78  7:11  Probe x2  
  80  7:18  Stalker x3  
  85  7:23  Probe  
  85  7:25  Phoenix  
  85  7:36  Probe x2  
  85  7:38  Nexus  
  85  7:43  Immortal (Chrono Boost)  
  89  8:00  Stalker x3  
  89  8:01  Sentry x2  
  99  8:14  Warp Prism (Chrono Boost)  
  99  8:15  Probe  
  99  8:19  Pylon  
  102  8:26  Gateway, Shield Battery, Forge  
  102  8:42  Stalker x4  
  110  8:50  Probe  
  110  8:51  Probe  
  112  8:56  Protoss Ground Weapons Level 1 (Chrono Boost)  
  112  8:57  Shadow Stride  
  112  9:02  Probe x2  
  114  9:04  Observer  
  115  9:11  Stalker x2  
  119  9:22  Probe  
  119  9:23  Assimilator  
  120  9:25  Pylon  
  120  9:27  Pylon  
  120  9:28  Pylon  
  117  9:31  Stalker x2  
  114  9:40  Probe x2  
  114  9:41  Probe  
  114  9:45  Observer (Chrono Boost)  
  113  9:53  Probe x2  
  113  9:58  Observer (Chrono Boost)  
  115  10:01  Probe  
  115  10:04  Photon Cannon  
  117  10:14  Photon Cannon  
  117  10:18  Probe x3  
  120  10:25  Photon Cannon  
  120  10:35  Probe x2  
  120  10:38  Probe  
  119  10:54  Dark Templar x2  
  119  10:55  Dark Templar x2  
Show
View Real Time Build Order
Export as new Build Order

TLHarstem Protoss - Winner!

Build Orders: Proxy Void Ray 

Get SALT Encoding   

  12  0:00  Probe  
  13  0:12  Probe  
  14  0:20  Pylon  
  14  0:24  Probe  
  15  0:38  Probe (Chrono Boost)  
  15  0:39  Gateway  
  16  0:47  Probe (Chrono Boost), Assimilator  
  17  0:52  Probe  
  18  0:59  Assimilator  
  18  1:04  Probe  
  18  1:06  Pylon  
  19  1:16  Probe  
  20  1:27  Zealot, Cybernetics Core  
  20  1:29  Probe  
  23  1:41  Probe  
  24  1:53  Probe  
  25  2:02  Stalker (Chrono Boost)  
  25  2:05  Probe  
  28  2:13  Stargate  
  28  2:14  Shield Battery  
  28  2:17  Probe  
  29  2:28  Stalker  
  31  3:00  Pylon  
  31  3:01  Nexus  
  31  3:09  Void Ray (Chrono Boost)  
  31  3:18  Probe  
  31  3:19  Shield Battery  
  36  3:20  Warp Gate  
  36  3:27  Pylon  
  36  3:30  Probe  
  37  3:39  Void Ray (Chrono Boost), Forge  
  41  3:55  Shield Battery  
  41  4:05  Probe  
  41  4:13  Probe  
  42  4:17  Probe  
  47  4:25  Probe  
  47  4:27  Oracle (Chrono Boost)  
  47  4:29  Probe  
  48  4:35  Twilight Council  
  48  4:37  Probe  
  49  4:39  Robotics Facility  
  49  4:41  Probe  
  50  4:49  Probe  
  51  4:53  Probe, Gateway  
  51  4:58  Pylon  
  52  5:01  Probe  
  52  5:06  Probe  
  58  5:13  Probe  
  59  5:17  Blink (Chrono Boost)  
  59  5:18  Probe  
  56  5:21  Assimilator  
  56  5:23  Pylon  
  56  5:25  Probe  
  57  5:31  Probe, Observer (Chrono Boost)  
  57  5:32  Stalker  
  57  5:35  Forge  
  61  5:37  Probe  
  62  5:43  Probe  
  62  5:47  Gateway, Stalker  
  62  5:49  Gateway  
  65  5:52  Probe  
  66  5:58  Pylon  
  66  6:07  Protoss Ground Weapons Level 1 (Chrono Boost)  
  66  6:09  Probe  
  67  6:12  Stalker x2  
  67  6:13  Probe  
  72  6:19  Immortal (Chrono Boost)  
  76  6:28  Pylon  
  76  6:32  Gateway  
  76  6:33  Gateway  
  76  6:37  Stalker, Sentry  
  80  6:40  Probe  
  80  6:42  Assimilator  
  80  6:43  Pylon  
  81  6:48  Pylon  
  81  6:49  Probe  
  82  6:59  Adept x2  
  82  7:00  Stalker  
  82  7:01  Stalker  
  90  7:11  Phoenix  
  89  7:29  Probe  
  85  7:35  Stalker x4  
  85  7:36  Stalker  
  92  7:40  Nexus  
  92  7:41  Stalker  
  94  7:46  Pylon  
  94  7:48  Probe  
  95  7:52  Dark Shrine  
  95  7:58  Stalker x2  
  95  8:00  Protoss Ground Weapons Level 2 (Chrono Boost)  
  95  8:01  Probe  
  100  8:10  Probe  
  101  8:14  Probe  
  102  8:20  Shield Battery  
  102  8:21  Photon Cannon  
  102  8:22  Probe  
  103  8:31  Probe  
  103  8:34  Probe  
  103  8:35  Zealot  
  103  8:37  Pylon  
  104  8:43  Probe  
  104  8:46  Observer  
  106  8:49  Probe  
  106  8:51  Stalker x3  
  115  8:57  Shield Battery  
  115  9:00  Charge (Chrono Boost)  
  116  9:05  Dark Templar x2  
  116  9:08  Dark Templar  
  119  9:12  Probe  
  119  9:15  Assimilator  
  119  9:16  Pylon  
  120  9:30  Probe  
  119  9:43  Probe  
  119  9:44  Probe  
  121  9:47  Stalker  
  121  9:48  Zealot x5  
  121  9:52  Photon Cannon  
  132  9:56  Probe  
  132  9:58  Pylon  
  132  9:59  Gateway, Immortal (Chrono Boost)  
  136  10:01  Gateway  
  136  10:10  Dark Templar x3  
  136  10:11  Dark Templar  
  144  10:16  Pylon  
  144  10:17  Archon  
  144  10:18  Archon  
  144  10:22  Zealot x2  
  148  10:35  Warp Prism (Chrono Boost)  
  148  10:47  Zealot x2  
  148  10:48  Zealot x2  
  154  10:57  Zealot x2, Dark Templar  
  154  10:58  Zealot  
  154  11:00  Shield Battery  
  160  11:06  Pylon  
  160  11:10  Photon Cannon  
  160  11:11  Dark Templar  
  160  11:12  Photon Cannon, Dark Templar  
  158  11:19  Stalker x2  
  157  11:28  Zealot x3  
  159  11:33  Probe  
  159  11:34  Zealot  
  159  11:37  Probe  
  151  11:42  Observer (Chrono Boost)  
  132  11:48  Probe  
  132  11:53  Zealot x4  
Tags
 
Add a new tag
Caveats
  • Supply blocks, unpowered buildings, or Contaminate may cause inaccurate times.
  • Supply counts are checked every 10 seconds.